 Dungeon Crawl Stone Soup version 0.24.1-14-gf8d2b509d9 (console) character file.

Game seed: 5857268222219548217, levelgen mode: deterministic

766 Kagalorn the Sneak (level 7, -5/53 HPs)
             Began as a Gnoll Wanderer on Mar 4, 2021.
             Was a Follower of Okawaru.
             Slain by Grinder (6 damage)
             ... on level 6 of the Dungeon.
             The game lasted 00:09:58 (5299 turns).

Kagalorn the Sneak (Gnoll Wanderer)                 Turns: 5299, Time: 00:09:59

Health: -5/53      AC: 11    Str: 16    XL:     7   Next: 82%
Magic:  15/15      EV:  8    Int: 16    God:    Okawaru [*.....]
Gold:   315        SH:  5    Dex: 13    Spells: 16/17 levels left

rFire    . . .     SeeInvis .   a - +1 hand axe (flame)
rCold    . . .     Gourm    .   d - +0 buckler
rNeg     . . .     Faith    .   n - +0 chain mail
rPois    .         Spirit   .   i - +0 helmet
rElec    .         Reflect  .   (no cloak)
rCorr    .         Harm     .   e - +0 pair of gloves
MR       +....                  (no boots)
Stlth    ..........             (no amulet)
HPRegen  0.17/turn              v - ring of flight
MPRegen  0.14/turn              J - ring of protection from magic

@: no status effects
A: distributed training, fangs 1, strong nose
a: Heroism, Renounce Religion, Evoke Flight


You were on level 6 of the Dungeon.
You worshipped Okawaru.
Okawaru was aware of your devotion.
You were very hungry.

You visited 2 branches of the dungeon, and saw 7 of its levels.

You collected 315 gold pieces.

Inventory:

Hand Weapons
 a - a +1 hand axe of flaming (weapon)
 b - a +2 dagger of speed
 A - a +2 whip of venom
Missiles
 c - 131 stones (quivered)
 r - 39 sling bullets
 C - 2 boomerangs
 E - 7 silver javelins
Armour
 d - a +0 buckler (worn)
 e - a +0 pair of gloves (worn)
 h - a +0 scale mail
 i - a +0 helmet (worn)
 l - a +0 ring mail of fire resistance
 n - a +0 chain mail (worn)
Jewellery
 v - a ring of flight (left hand)
 J - a ring of protection from magic (right hand)
Scrolls
 j - 2 scrolls of amnesia {unknown}
 o - 3 scrolls of remove curse
 u - 5 scrolls of teleportation {unknown}
 w - 2 scrolls of fog {unknown}
 x - a scroll of magic mapping {unknown}
 y - a scroll of noise {unknown}
 B - 2 scrolls of enchant armour {unknown}
 I - 3 scrolls of blinking
Potions
 g - a potion of lignification {unknown}
 k - a potion of invisibility
 m - 2 potions of brilliance
 p - 2 potions of flight
 s - a potion of mutation
 t - a potion of heal wounds
 z - 2 potions of haste
 F - a potion of curing
 G - a potion of berserk rage
 H - 2 potions of might
Comestibles
 f - 8 rations


   Skills:
 + Level 3.7 Fighting
 + Level 2.6 Short Blades
 + Level 2.6 Long Blades
 + Level 2.6 Axes
 + Level 2.6 Maces & Flails
 + Level 2.6 Polearms
 + Level 2.6 Staves
 + Level 2.6 Slings
 + Level 2.6 Bows
 + Level 2.6 Crossbows
 + Level 2.6 Throwing
 + Level 2.6 Armour
 + Level 3.7 Dodging
 + Level 6.6 Stealth
 + Level 3.7 Shields
 + Level 3.7 Unarmed Combat
 + Level 5.7 Spellcasting
 + Level 2.1 Conjurations
 + Level 3.1 Hexes
 + Level 2.1 Charms
 + Level 2.1 Summonings
 + Level 2.1 Necromancy
 + Level 2.1 Translocations
 + Level 2.1 Transmutations
 + Level 2.1 Fire Magic
 + Level 2.1 Ice Magic
 + Level 2.1 Air Magic
 + Level 2.1 Earth Magic
 + Level 2.1 Poison Magic
 + Level 3.0 Invocations
 + Level 2.6 Evocations


You had 16 spell levels left.
You knew the following spells:

 Your Spells              Type           Power        Failure   Level  Hunger
a - Sandblast             Erth           ##....       71%         1    None

Your spell library contained the following spells:

 Spells                   Type           Power        Failure   Level  Hunger
 Flame Tongue             Conj/Fire      ##...        71%         1    None
 Throw Flame              Conj/Fire      ##....       85%         2    #......
 Inner Flame              Hex/Fire       ##......     95%         3    ##.....
 Conjure Flame            Conj/Fire      ##......     97%         3    ##.....
 Stone Arrow              Conj/Erth      ##....       97%         3    ##.....
 Sticky Flame             Conj/Fire      ##......     100%        4    ####...
 Fireball                 Conj/Fire      ##........   100%        5    ######.


Dungeon Overview and Level Annotations

Branches:
Dungeon (6/15)             Temple (1/1) D:4

Altars:
Ashenzari
Cheibriados
Dithmenos
Elyvilon
Fedhas
Gozag
Hepliaklqana
Kikubaaqudgha
Makhleb
Nemelex Xobeh
Okawaru
Ru
Sif Muna
Trog
Uskayaw
Vehumet
Wu Jian
Xom
Yredelemnul
Zin
The Shining One

Annotations:
D:6 Grinder


Innate Abilities, Weirdness & Mutations

Your experience applies equally to all skills.
You have very sharp teeth.
Your uncanny sense of smell can sniff out nearby items.


Message History

You hit Grinder. You burn Grinder.
Grinder is severely wounded.
Grinder hits you.
You writhe in agony.
You slash Grinder! You burn Grinder.
Grinder is almost dead.
Grinder hits you!
* * * LOW HITPOINT WARNING * * *
You writhe in agony.
* * * LOW HITPOINT WARNING * * *
You closely miss Grinder.
Grinder is almost dead.
Grinder gestures at you. Pain shoots through your body!
* * * LOW HITPOINT WARNING * * *
You hit Grinder. You burn Grinder.
Grinder is almost dead.
Grinder hits you.
* * * LOW HITPOINT WARNING * * *
You writhe in agony.
You die...

##.# #... #..# #####..#
.......########
.............
#...5...... #..@# #.#
#...## #.# .###....# #.#
.......#.# #.#
.......#.###.#
.....#....##.#########.#
........................
#######...###.#.#######.
##.## #.#.##


You could see Grinder.

Vanquished Creatures
  An ice beast (D:6)
  An ogre (D:6)
  A phantom (D:5)
  A water moccasin skeleton (D:3)
  A howler monkey (D:4)
  2 crimson imps
  A bullfrog zombie (D:6)
  A hound (D:4)
  A centaur skeleton (D:5)
  An orc wizard (D:4)
  An iguana (D:4)
  A worker ant (D:5)
  A howler monkey skeleton (D:6)
  9 adders
  A worm (D:2)
  4 dart slugs
  2 leopard geckos
  4 orcs
  2 ball pythons
  6 bats
  7 giant cockroaches
  8 goblins
  4 hobgoblins
  5 jackals
  4 kobolds
  2 quokkas (D:2)
  7 frilled lizards
  9 rats
88 creatures vanquished.

Notes
Turn   | Place    | Note
-------+----------+-------------------------------------------
     0 | D:1      | Kagalorn the Gnoll Wanderer began the quest for the Orb.
     0 | D:1      | Kagalorn set off with the following items: a +2 dagger, a
                  | scroll of blinking, a +0 buckler, a +0 robe, a ration; and
                  | the following spell memorised: Sandblast; and the following
                  | spells available to memorise: Stone Arrow
     0 | D:1      | Reached XP level 1. HP: 17/17 MP: 6/6
    86 | D:1      | Reached XP level 2. HP: 22/23 MP: 7/7
   178 | D:1      | You fall into a shaft and drop 1 floor!
   430 | D:2      | Reached skill level 5 in Spellcasting
   430 | D:2      | Reached XP level 3. HP: 19/28 MP: 7/9
   550 | D:2      | Reached skill level 6 in Stealth
   560 | D:2      | Found a shimmering altar of Xom.
   565 | D:2      | Reached skill level 1 in Invocations
   907 | D:2      | Reached skill level 1 in Short Blades
   907 | D:2      | Reached skill level 1 in Long Blades
   907 | D:2      | Reached skill level 1 in Axes
   907 | D:2      | Reached skill level 1 in Maces & Flails
   907 | D:2      | Reached skill level 1 in Polearms
   907 | D:2      | Reached skill level 1 in Staves
   907 | D:2      | Reached skill level 1 in Slings
   907 | D:2      | Reached skill level 1 in Bows
   907 | D:2      | Reached skill level 1 in Crossbows
   907 | D:2      | Reached skill level 1 in Throwing
   907 | D:2      | Reached skill level 1 in Armour
   907 | D:2      | Reached skill level 1 in Evocations
   907 | D:2      | Reached XP level 4. HP: 33/34 MP: 11/11
  1109 | D:2      | Found a sacrificial altar of Ru.
  1680 | D:3      | Reached skill level 1 in Conjurations
  1680 | D:3      | Reached skill level 1 in Charms
  1680 | D:3      | Reached skill level 1 in Summonings
  1680 | D:3      | Reached skill level 1 in Necromancy
  1680 | D:3      | Reached skill level 1 in Translocations
  1680 | D:3      | Reached skill level 1 in Transmutations
  1680 | D:3      | Reached skill level 1 in Fire Magic
  1680 | D:3      | Reached skill level 1 in Ice Magic
  1680 | D:3      | Reached skill level 1 in Air Magic
  1680 | D:3      | Reached skill level 1 in Earth Magic
  1680 | D:3      | Reached skill level 1 in Poison Magic
  1680 | D:3      | Reached XP level 5. HP: 37/40 MP: 12/12
  2264 | D:3      | Found a hazy altar of Hepliaklqana.
  2558 | D:3      | Found a shimmering blue altar of Sif Muna.
  2902 | D:4      | Reached XP level 6. HP: 40/47 MP: 13/13
  3098 | D:4      | Found a staircase to the Ecumenical Temple.
  3105 | Temple   | Entered the Ecumenical Temple
  3215 | Temple   | Became a worshipper of Warmaster Okawaru
  4189 | D:5      | Entered Level 5 of the Dungeon
  4536 | D:5      | Noticed a phantom
  4569 | D:5      | Killed a phantom
  4569 | D:5      | Reached XP level 7. HP: 39/52 MP: 15/15
  4676 | D:5      | Found an iron altar of Okawaru.
  5190 | D:6      | Reached * piety under Okawaru
  5275 | D:6      | Noticed Grinder
  5284 | D:6      | Paralysed by Grinder for 3 turns
  5299 | D:6      | HP: 1/53 [Grinder (3)]
  5299 | D:6      | Slain by Grinder

Levels and vault maps discovered:
D:1:      eino_arrival_water_cross, layout_loops_cross
D:2:      wander_river, layout_loops_corners, old_standard_altar,
          lemuel_round_altar
D:3:      layout_loops_ring, lemuel_round_altar, led_sif_pool
D:4:      layout_gridville, minmay_temple_entry_wispy
D:5:      layout_gridville, first_ration, kennysheep_okawaru_gauntlet
D:6:      layout_loops_ring, eino_tiny_chamber, lightli_orcish_oven, uniq_pikel,
          uniq_grinder
Temple:   minmay_crystal_spiral_temple

Skill      XL: |  1  2  3  4  5  6  7 |
---------------+----------------------+-----
Hexes          | 2 3 |  3.1
Spellcasting   | 5 |  5.7
Stealth        | 6 |  6.6
Invocations    | 1 2 3 |  3.0
Short Blades   | 1 2 |  2.6
Long Blades    | 1 2 |  2.6
Axes           | 1 2 |  2.6
Maces & Flails | 1 2 |  2.6
Polearms       | 1 2 |  2.6
Staves         | 1 2 |  2.6
Slings         | 1 2 |  2.6
Bows           | 1 2 |  2.6
Crossbows      | 1 2 |  2.6
Throwing       | 1 2 |  2.6
Armour         | 1 2 |  2.6
Evocations     | 1 2 |  2.6
Conjurations   | 1 2 |  2.1
Charms         | 1 2 |  2.1
Summonings     | 1 2 |  2.1
Necromancy     | 1 2 |  2.1
Translocations | 1 2 |  2.1
Transmutations | 1 2 |  2.1
Fire Magic     | 1 2 |  2.1
Ice Magic      | 1 2 |  2.1
Air Magic      | 1 2 |  2.1
Earth Magic    | 1 2 |  2.1
Poison Magic   | 1 2 |  2.1
Fighting       | 3 |  3.7
Dodging        | 3 |  3.7
Shields        | 3 |  3.7
Unarmed Combat | 3 |  3.7

Action                   |  1- 3 |  4- 6 |  7- 9 || total
-------------------------+-------+-------+-------++-------
Melee: Dagger            |   119 |   238 |       ||   357
       Bite              |     6 |    29 |    15 ||    50
       Hand axe          |       |    24 |    94 ||   118
 Abil: Evoke Flight      |       |       |     1 ||     1
  Use: Scroll            |       |    11 |       ||    11
 Stab: Sleeping          |     5 |     9 |       ||    14
  Eat: Chunk             |       |     8 |     2 ||    10
       Ration            |       |     1 |       ||     1
Armor: Scale mail        |    31 |    56 |       ||    87
       Robe              |     1 |       |       ||     1
       Chain mail        |       |    18 |    42 ||    60
Dodge: Dodged            |    62 |    86 |    32 ||   180
Block: Buckler           |    23 |    42 |    22 ||    87
